 Dungeon Crawl Stone Soup version 0.30-a0-782-ge64f9170bb (webtiles) character file.

Game seed: 5695542821836586745

23 Leeroy the Changer (level 2, -2/18 HPs)
             Began as an Octopode Transmuter on Feb 22, 2023.
             Slain by a gnoll
             ... wielding a +0 flail
              (5 damage)
             ... on level 2 of the Dungeon.
             The game lasted 00:00:53 (1184 turns).

Leeroy the Changer (Octopode Transmuter)            Turns: 1184, Time: 00:00:53

Health: -2/18      AC:  1    Str:  9    XL:     2   Next: 95%
Magic:  5/5        EV: 13    Int: 15    God:
Gold:   116        SH:  0    Dex: 12    Spells: 4/5 levels left

rFire   . . .      SeeInvis .      - Unarmed
rCold   . . .      Faith    .    (no shield)
rNeg    . . .      Spirit   .    (helmet restricted)
rPois   .          Reflect  .    (no amulet)
rElec   .          Harm     .    (no ring)
rCorr   .          Rampage  .    (no ring)
Will    .....                    (no ring)
Stlth   ++                       (no ring)
HPRegen 0.23/turn                (no ring)
MPRegen 0.09/turn                (no ring)
                                 (no ring)
                                 (no ring)

@: no status effects
A: almost no armour, amphibious, 8 rings, camouflage 1, gelatinous body 1,
(nimble swimmer 1), tentacles
a: no special abilities


You were on level 2 of the Dungeon.
You visited 1 branch of the dungeon, and saw 2 of its levels.

You collected 116 gold pieces.

Inventory:

Missiles
 j - 4 poisoned darts
Jewellery
 k - an amulet of faith
Scrolls
 b - 3 scrolls of identify {unknown}
 c - 2 scrolls of teleportation {unknown}
 f - a scroll of noise {unknown}
 h - 3 scrolls of enchant weapon {unknown}
 i - a scroll of torment {unknown}
Potions
 a - a potion of lignification
 d - 2 potions of mutation {unknown}
 e - a potion of degeneration {unknown}
 g - a potion of magic {unknown}


   Skills:
 - Level 1.0 Fighting
 - Level 2.0 Dodging
 - Level 3.0 Unarmed Combat
 - Level 2.0 Spellcasting
 + Level 3.3 Transmutations


You had 4 spell levels left.
You knew the following spells:

 Your Spells              Type           Power      Damage    Failure   Level
a - Beastly Appendage     Tmut           22%        N/A       5%          1

Your spell library contained the following spells:

 Spells                   Type           Power      Damage    Failure   Level
 Wereblood                Tmut           11%        N/A       9%          2
 Spider Form              Tmut/Pois      6%         N/A       32%         3
 Ice Form                 Ice/Tmut       6%         N/A       73%         4


Dungeon Overview and Level Annotations

Branches:
Dungeon (2/15)

Altars:


Innate Abilities, Weirdness & Mutations

You cannot wear most types of armour.
You are amphibious.
You can wear up to eight rings at the same time.
Your skin changes colour to match your surroundings (Stealth+).
Your rubbery body absorbs attacks. (AC +1, EV +1)
((You are camouflaged when in or above water. (Stealth+)))
You have tentacles for arms and can constrict up to eight enemies at once.


Message History

You now have 116 gold pieces (gained 8).
Found 6 stones.
No target in view!
Found a mace.
A hobgoblin comes into view.
A hobgoblin is nearby!
An endoplasm comes into view.
The hobgoblin shouts!
You hear a shout! x2
The endoplasm quivers.
A gnoll comes into view. It is wielding a +0 flail.
The gnoll shouts!
You tentacle-slap the hobgoblin. Your grab misses the hobgoblin.
The hobgoblin is heavily wounded.
The hobgoblin misses you.
A gnoll comes into view. It is wielding a +0 spear.
You tentacle-slap the hobgoblin. Your grab misses the hobgoblin.
Your squeeze misses the hobgoblin.
The hobgoblin is severely wounded.
The hobgoblin hits you.
A gnoll comes into view. It is wielding a +0 whip.
You tentacle-slap the hobgoblin but do no damage.
You grab the hobgoblin. You squeeze the hobgoblin.
You kill the hobgoblin!
The endoplasm jiggles.
A gnoll comes into view. It is wielding a +0 spear.
Found a mace.
The endoplasm freezes you.
You are frozen.
You completely miss the endoplasm. You squeeze the endoplasm.
The endoplasm is severely wounded.
The endoplasm hits you.
You tentacle-slap the endoplasm.
You kill the endoplasm!
The gnoll hits you with a +0 flail!
Ouch! That really hurt!
* * * LOW HITPOINT WARNING * * *
You are too injured to fight recklessly!
You are too injured to fight recklessly!
The gnoll attacks as you move away! The gnoll hits you with a +0 flail.
You die...

#..........#
#..........#
..........# #........#
##..ggg...##
####..........#
#......g......# #..
#...@....... ...#
#...........
...########...........
...........?..........
####.....(...#.........
.............###.##....
##.........# .# ...)
#....)....# .# ... #
###.####### .# ..


You could see 4 gnolls.

Vanquished Creatures
  A ball python (D:1)
  4 endoplasms
  3 goblins
  2 hobgoblins
  5 kobolds (D:1)
  3 bats
  A rat (D:1)
19 creatures vanquished.

Notes
Turn   | Place    | Note
-------+----------+-------------------------------------------
     0 | D:1      | Leeroy the Octopode Transmuter began the quest for the Orb.
     0 | D:1      | Reached XP level 1. HP: 13/13 MP: 3/3
   277 | D:1      | Reached XP level 2. HP: 18/18 MP: 5/5
   598 | D:1      | Found a faded altar of an unknown god.
  1184 | D:2      | Slain by a gnoll

Illustrated notes

Levels and vault maps discovered:
D:1:      amcnicky_arrival_gap_in_the_tavern_cellar, layout_basic,
          ebering_ecumenical_altar_webs, nrook_mini_vaults,
          palyth_stone_intersect, minmay_misc_feat_square
D:2:      layout_rooms, kennysheep_generic_room_10

Skill      XL: |  1  2 |
---------------+-------+-----
Transmutations | 3 |  3.3
Fighting       | |  1.0
Dodging        | |  2.0
Unarmed Combat | |  3.0
Spellcasting   | |  2.0

Action                     || total
---------------------------++-------
  Melee: Unarmed           ||    46
         Constrict         ||    11
         Tentacles         ||     8
         Punch             ||     1
   Stab: Sleeping          ||     4
 Armour: Skin              ||     6
  Dodge: Dodged            ||    21

Table legend: (Time is in decaauts)
 A = Elapsed time spent in this place.
 B = Non-inter-level travel time spent in this place.
 C = Inter-level travel time spent in this place.
 D = Time resting spent in this place.
 E = Time spent auto-exploring this place.
 F = Levels seen in this place.
 G = Mean time per level.
                   A        B        C        D        E       F      G
               +--------+--------+--------+--------+--------+-----+--------+
         Total |   1181 |   1146 |     35 |      0 |   1005 |   2 |  590.5 |
       Dungeon |   1181 |   1146 |     35 |      0 |   1005 |   2 |  590.5 |
               +--------+--------+--------+--------+--------+-----+--------+

Top non-repeatable levels by time:
     D:1: 987 daAuts
     D:2: 193 daAuts
